 Dungeon Crawl Stone Soup version 0.19-a0-751-gbe1ce7d (webtiles) character file.

8374 Ordine the Thaumaturge (level 11, -8/59 HPs)
             Began as a Deep Elf Wizard on June 25, 2016.
             Was a Priest of Vehumet.
             Mangled by a seven-headed hydra (10 damage)
             ... on level 9 of the Dungeon.
             The game lasted 00:53:10 (12607 turns).

Ordine the Thaumaturge (Deep Elf Wizard)           Turns: 12607, Time: 00:53:11

Health: -8/59      AC: 11    Str:  4    XL:     11   Next: 9%
Magic:  24/29      EV: 19    Int: 27    God:    Vehumet [***...]
Gold:   489        SH:  0    Dex: 13    Spells: 6 memorised, 21 levels left

rFire  . . .     SeeInvis .     G - +2 trident (freeze)
rCold  . . .     Gourm    .     D - +2 leather armour {MR+}
rNeg   . . .     Faith    .     (no shield)
rPois  .         Spirit   .     k - +1 helmet
rElec  .         Dismiss  .     v - +0 cloak
rCorr  .         Reflect  .     (no gloves)
SustAt .         Harm     .     w - +1 pair of boots
MR     +++..                    (no amulet)
Stlth  ++........               o - ring of protection from magic
                                i - +4 ring of evasion

@: repel missiles, extremely resistant to hostile enchantments, unstealthy
A: no striking features
a: Renounce Religion


You were on level 9 of the Dungeon.
You worshipped Vehumet.
Vehumet was most pleased with you.
You were hungry.

You visited 2 branches of the dungeon, and saw 10 of its levels.

You collected 489 gold pieces.

Inventory:

Hand Weapons
 G - a +2 trident of freezing (weapon)
Armour
 a - a +2 shield
 k - a +1 helmet (worn)
 v - a +0 cloak (worn)
 w - a +1 pair of boots (worn)
 D - a +2 leather armour of magic resistance (worn)
Jewellery
 e - an uncursed ring of protection from fire
 h - an uncursed ring of flight
 i - a +4 ring of evasion (left hand)
 o - a ring of protection from magic (right hand)
 t - an uncursed ring of protection from fire
 u - a +4 ring of strength
Wands
 j - a wand of confusion (38/48)
 B - a wand of polymorph (14/24)
Scrolls
 f - 2 scrolls of noise
 g - 2 scrolls of amnesia
 m - 3 scrolls of remove curse
 p - a scroll of fog
 x - 2 scrolls of fear
 z - 2 scrolls of recharging
Potions
 n - 3 potions of flight
 q - 2 potions of agility
 r - a potion of curing
 s - a potion of ambrosia {unknown}
 A - a potion of haste
 C - a potion of magic {unknown}
Books
 c - a book of Minor Magic

   Spells                             Type                      Level
   a - Magic Dart                     Conjuration                  1
   b - Blink                          Translocation                2
   c - Call Imp                       Summoning                    2
   d - Repel Missiles                 Charms/Air                   2
   e - Slow                           Hexes                        2
   f - Conjure Flame                  Conjuration/Fire             3
   g - Mephitic Cloud                 Conjuration/Poison/Air       3
Comestibles
 b - 3 meat rations
 d - 7 bread rations
 E - a slice of pizza


   Skills:
 * Level 2.6 Fighting
 - Level 4.2 Armour
 + Level 7.8 Dodging
 - Level 2.4 Stealth
 + Level 12.8 Spellcasting
 + Level 7.3 Conjurations
   Level 1.1 Summonings
 - Level 3.0 Translocations
 + Level 6.7 Fire Magic
 + Level 5.9 Air Magic


You had 21 spell levels left.
You knew the following spells:

 Your Spells              Type           Power        Failure   Level  Hunger
a - Magic Dart            Conj           ####         1%          1    None
b - Blink                 Tloc           N/A          2%          2    None
c - Conjure Flame         Conj/Fire      ######..     1%          3    None
d - Mephitic Cloud        Conj/Pois/Air  #####...     1%          3    None
e - Ignite Poison         Fire/Tmut/Pois ####....     2%          3    None
i - Repel Missiles        Chrm/Air       ####..       2%          2    None


Dungeon Overview and Level Annotations

Branches:
Dungeon (9/15)             Temple (1/1) D:5            Lair (0/6) D:8
    Orc: D:9-12

Altars:
Ashenzari
Cheibriados
Dithmenos
Elyvilon
Fedhas
Gozag
Hepliaklqana
Kikubaaqudgha
Makhleb
Nemelex Xobeh
Okawaru
Pakellas
Qazlal
Ru
Sif Muna
Trog
Uskayaw
Vehumet
Xom
Yredelemnul
Zin
The Shining One

Shops:
D:4 :

Annotations:
D:8 sinon's ghost, novice TeVM


Message History

Confirm with . or Enter, or press ? or * to list all spells.
You blink.
Casting: Blink
Confirm with . or Enter, or press ? or * to list all spells.
You blink.
The four-headed hydra bites you but does no damage.
The four-headed hydra bites you.
The four-headed hydra closely misses you.
The four-headed hydra bites you but does no damage.
The four-headed hydra barely misses you.
The four-headed hydra bites you!
The four-headed hydra completely misses you.
The four-headed hydra bites you!
* * * LOW HITPOINT WARNING * * *
The seven-headed hydra completely misses you. x2
The seven-headed hydra bites you!
* * * LOW HITPOINT WARNING * * *
The seven-headed hydra closely misses you.
The seven-headed hydra bites you!
You die...

#####......#.....#..[..#..#
....#......#.....#.....#..#######
....####################..#......
###....................(..#######
#.......................#####..
#.####################..#.....#
#.#......#ยง....#.....#..#####.#
#.#...D..#...D.#.....#..# #.#
#>#'###..#..#D@#..#..#..# ##.#
#.#$?!#..#..#..#..#..#..####.#.
###.#.).#.....#.....#.....##..###
....#$?%#.....#.....#.....##.## #
###########################.##
#<..# #.##.# #.#..## # #...#
#.##.# #.#...### ### #...# #.##.#
#.#..#.#. ..#
#######...###.##.###.......#


You could see a seven-headed hydra and a four-headed hydra.

Vanquished Creatures
  Erica (D:8)
  Pikel (D:5)
  Joseph (D:8)
  Psyche (D:9)
  2 trolls (D:8)
  Prince Ribbit (D:7)
  A two-headed ogre (D:8)
  Sigmund (D:2)
  A wyvern (D:9)
  6 yaks
  A spriggan (D:7)
  A hungry ghost (D:8)
  2 hippogriffs (D:8)
  Eustachio (D:4)
  Grum (D:8)
  Menkaure (D:7)
  A water moccasin (D:7)
  An ice beast (D:9)
  5 sky beasts
  An orc warrior (D:8)
  6 ogres
  2 phantoms
  A slave (D:5)
  4 wolves (D:8)
  3 centaurs (D:9)
  2 big kobolds (D:9)
  4 giant frogs
  A gnoll sergeant (D:6)
  5 scorpions
  A killer bee (D:9)
  3 howler monkeys (D:8)
  3 crimson imps (D:9)
  A quasit (D:6)
  4 jellies
  6 hounds
  2 centaur skeletons
  2 iguanas
  5 orc wizards
  8 worker ants
  A hound skeleton (D:7)
  Robin (D:2)
  2 worker ant zombies
  7 gnolls
  9 adders
  A shadow imp (D:6)
  2 oozes (D:3)
  2 adder skeletons
  3 worms
  7 dart slugs
  6 giant geckos
  27 orcs
  8 giant cockroaches
  18 hobgoblins
  6 jackals
  8 kobolds
  7 quokkas
  A ball python (D:3)
  8 bats
  A giant cockroach zombie (D:6)
  A giant gecko zombie (D:9)
  7 giant newts
  18 goblins
  A quokka skeleton (D:4)
  8 rats
254 creatures vanquished.

Vanquished Creatures (others)
  A slave (D:5)
  A centaur skeleton (D:5)
  A hound skeleton (D:5)
  A quokka skeleton (D:5)
  A quokka zombie (D:5)
5 creatures vanquished.

Grand Total: 259 creatures vanquished

Notes
Turn   | Place    | Note
--------------------------------------------------------------
     0 | D:1      | Ordine the Deep Elf Wizard began the quest for the Orb.
     0 | D:1      | Reached XP level 1. HP: 10/10 MP: 7/7
   134 | D:1      | Reached XP level 2. HP: 15/15 MP: 0/9
   159 | D:1      | Reached skill level 5 in Spellcasting
   197 | D:1      | Learned a level 2 spell: Blink
   426 | D:1      | Reached XP level 3. HP: 19/19 MP: 5/11
   568 | D:1      | Learned a level 3 spell: Conjure Flame
   572 | D:1      | Learned a level 3 spell: Mephitic Cloud
   575 | D:1      | Learned a level 2 spell: Repel Missiles
   989 | D:2      | Noticed Sigmund
  1003 | D:2      | Killed Sigmund
  1003 | D:2      | Reached skill level 7 in Spellcasting
  1003 | D:2      | Reached XP level 4. HP: 24/24 MP: 1/15
  1003 | D:2      | Reached XP level 5. HP: 28/28 MP: 1/16
  1215 | D:2      | Noticed Robin
  1223 | D:2      | Killed Robin
  1334 | D:2      | Found a blossoming altar of Fedhas.
  1535 | D:3      | Reached XP level 6. HP: 26/32 MP: 0/18
  2713 | D:3      | Reached skill level 8 in Spellcasting
  3374 | D:4      | Noticed Eustachio
  3388 | D:4      | Killed Eustachio
  3388 | D:4      | Reached skill level 1 in Fire Magic
  3388 | D:4      | Reached skill level 1 in Air Magic
  3388 | D:4      | Reached XP level 7. HP: 35/36 MP: 6/21
  3739 | D:4      | Reached skill level 1 in Armour
  3809 | D:4      | Found Urocs's Book Emporium.
  4234 | D:5      | Entered Level 5 of the Dungeon
  4260 | D:5      | Noticed Pikel
  4279 | D:5      | Killed Pikel
  4279 | D:5      | Reached skill level 9 in Spellcasting
  4279 | D:5      | Reached XP level 8. HP: 36/41 MP: 7/23
  4355 | D:5      | Found a sacrificial altar of Ru.
  4678 | D:5      | Found a staircase to the Ecumenical Temple.
  4850 | Temple   | Entered the Ecumenical Temple
  5013 | Temple   | Became a worshipper of Vehumet
  6005 | D:6      | Reached skill level 10 in Spellcasting
  6120 | D:6      | Reached skill level 5 in Dodging
  6120 | D:6      | Reached skill level 5 in Conjurations
  6365 | D:6      | Reached XP level 9. HP: 45/45 MP: 20/25
  6575 | D:7      | Noticed Menkaure
  6581 | D:7      | Killed Menkaure
  6581 | D:7      | Reached * piety under Vehumet
  6581 | D:7      | Offered knowledge of Shock by Vehumet.
  6602 | D:7      | Noticed Prince Ribbit
  6614 | D:7      | Killed Prince Ribbit
  6782 | D:7      | Found a shadowy altar of Dithmenos.
  6974 | D:7      | Reached skill level 11 in Spellcasting
  7237 | D:8      | Noticed a troll
  7248 | D:8      | Noticed sinon's ghost (novice TeVM)
  7263 | D:8      | Noticed Joseph
  7476 | D:8      | Noticed Grum
  7484 | D:8      | Reached skill level 5 in Fire Magic
  7492 | D:8      | Killed Grum
  7495 | D:8      | Noticed a troll
  7837 | D:8      | Killed a troll
  7877 | D:8      | HP: 2/45 [troll (15)]
  8136 | D:8      | Killed a troll
  8757 | D:8      | Reached XP level 10. HP: 50/50 MP: 4/27
  9080 | D:8      | Found a snail-covered altar of Cheibriados.
  9080 | D:8      | Found a basalt altar of Yredelemnul.
  9228 | D:8      | Offered knowledge of Flame Tongue by Vehumet.
  9246 | D:8      | Reached ** piety under Vehumet
  9455 | D:8      | Found a staircase to the Lair.
  9492 | D:8      | Found an iron altar of Okawaru.
  9575 | D:8      | Reached skill level 12 in Spellcasting
  9575 | D:8      | Reached skill level 5 in Air Magic
  9724 | D:8      | Killed Joseph
  9932 | D:9      | Noticed Erica
 10023 | D:8      | Killed Erica
 10560 | D:9      | Noticed Psyche
 10570 | D:9      | Killed Psyche
 10570 | D:9      | Reached skill level 1 in Fighting
 11973 | D:9      | Offered knowledge of Ignite Poison by Vehumet.
 12051 | D:8      | Reached XP level 11. HP: 40/57 MP: 2/29
 12145 | D:8      | Learned a level 3 spell: Ignite Poison
 12458 | D:8      | Reached *** piety under Vehumet
 12590 | D:9      | Noticed a seven-headed hydra
 12591 | D:9      | Noticed a four-headed hydra
 12607 | D:9      | HP: 2/59 [seven-headed hydra (11)]
 12607 | D:9      | Mangled by a seven-headed hydra

Vault maps used:
D:1:      matt_arrival_diagonals, st_stairs_9
D:2:      nicolae_overflow_hidden_temple, st_stairs_4, minmay_pentomino_o4,
          uniq_robin, uniq_sigmund
D:3:      first_bread, hex_large, solitary_fountain
D:4:      serial_shops, nicolae_shop_trees, nrook_mini_backslash, uniq_eustachio
D:5:      nicolae_overflow_crystal_walls, uniq_pikel
D:6:      kennysheep_generic_room_16
D:7:      nicolae_dithmenos_shadow_blocks, the_bakery, uniq_menkaure,
          uniq_prince_ribbit1
D:8:      lemuel_round_altar, gammafunk_temple_overflow_statue, lair_0_dummy,
          uniq_joseph, uniq_grum
D:9:      kennysheep_windowed_halls, uniq_psyche, uniq_erica
Temple:   regret_index_temple_sphere_string

Skill      XL: |  1  2  3  4  5  6  7  8  9 10 |
---------------+-------------------------------+-----
Spellcasting   | 5 7 8 9 10 11 12 | 12.8
Conjurations   | 3 4 5 6 7 |  7.3
Translocations | 2 3 |  3.0
Dodging        | 3 4 5 6 7 |  7.8
Fire Magic     | 1 2 4 5 6 |  6.7
Air Magic      | 1 2 3 4 5 |  5.9
Armour         | 1 2 3 4 |  4.2
Fighting       | 2 |  2.6
Stealth        | |  2.4
Summonings     | |  1.1

Action                   |  1- 3 |  4- 6 |  7- 9 | 10-12 || total
-------------------------+-------+-------+-------+-------++-------
Melee: Unarmed           |     4 |       |       |       ||     4
       Spear             |    16 |     5 |       |       ||    21
       Trident           |       |       |     4 |     3 ||     7
 Cast: Magic Dart        |    93 |   188 |   443 |   374 ||  1098
       Repel Missiles    |     1 |       |     1 |     2 ||     4
       Conjure Flame     |       |     2 |    16 |     8 ||    26
       Mephitic Cloud    |       |     2 |    18 |    29 ||    49
       Blink             |       |       |    12 |    30 ||    42
       Ignite Poison     |       |       |       |     5 ||     5
Evoke: Wand              |     2 |       |     1 |       ||     3
  Use: Scroll            |     6 |     7 |     5 |     2 ||    20
       Potion            |       |       |     5 |     1 ||     6
  Eat: Chunk             |       |     7 |    12 |    11 ||    30
       Fruit             |       |       |     3 |       ||     3
       Pizza             |       |       |     1 |       ||     1
Armor: Robe              |     5 |     9 |     4 |       ||    18
       Leather armour    |       |       |    31 |    49 ||    80
Dodge: Dodged            |    14 |    27 |   115 |   159 ||   315
       Deflected         |       |       |     2 |     6 ||     8
